 Dungeon Sprint DCSS version 0.22-a0-224-g8cf3520 (webtiles) character file.

32 pokedragonboy the Covered (level 3, 20/36 HPs)
             Began as a Deep Dwarf Fighter on Feb 20, 2018.
             Quit the game in the Dungeon (Sprint IX: "|||||||||||||||||||||||||||||").
             The game lasted 00:00:11 (29 turns).

pokedragonboy the Covered (Deep Dwarf Fighter)        Turns: 29, Time: 00:00:11

Health: 20/36      AC:  7    Str: 20    XL:     3   Next: 8%
Magic:  3/3        EV:  7    Int:  8    God:
Gold:   0          SH: 10    Dex: 12    Spells: 2/2 levels left

rFire    . . .     SeeInvis .   a - +0 war axe
rCold    . . .     Gourm    .   c - +0 shield
rNeg     . . .     Faith    .   b - +0 scale mail
rPois    .         Spirit   .   (no helmet)
rElec    .         Reflect  .   (no cloak)
rCorr    .         Harm     .   (no gloves)
MR       .....     NoTele   +   (no boots)
Stlth    ..........             (no amulet)
HPRegen  0.00/turn              (no ring)
MPRegen  0.08/turn              (no ring)

@: non-regenerating
A: damage resistance, heal wounds, sense surroundings 1, no regeneration
a: Heal Wounds


You were in the Dungeon.
You were not hungry.

You visited 1 branch

Inventory:

Hand Weapons
 a - a +0 war axe (weapon)
Armour
 b - a +0 scale mail (worn)
 c - a +0 shield (worn)
Scrolls
 k - a scroll of blinking
Potions
 d - a potion of might
 e - a potion of curing
 g - a potion of heal wounds
 h - a potion of haste
 i - 2 potions of magic
 j - a potion of berserk rage
Comestibles
 f - a ration


   Skills:
 + Level 3.9 Fighting
 + Level 3.5 Axes
 + Level 4.9 Armour
 + Level 4.7 Shields


You had 2 spell levels left.
You didn't know any spells.

Dungeon Overview and Level Annotations

Branches:
Dungeon (1/1)

Altars:


Innate Abilities, Weirdness & Mutations

You are resistant to damage.
You can heal yourself by infusing magical energy.
You passively map a small area around you.
You do not regenerate.


Message History

You closely miss the orc wizard.
The orc wizard hits you but does no damage. x2
You slash the orc wizard!
The orc wizard is severely wounded.
The orc wizard hits you with a dagger.
You closely miss the orc wizard.
The orc wizard is severely wounded.
The orc wizard gestures at you while chanting.
The puff of frost hits you!
You hit the orc wizard.
You kill the orc wizard!
Your Axes skill increases to level 3!
Your Armour skill increases to level 4!
Your Shields skill increases to level 4!
You have reached level 2!
You have reached level 3!
Your experience leads to an increase in your attributes!
Increase (S)trength, (I)ntelligence, or (D)exterity?
You feel stronger.
The centaur wields a shortbow.
The centaur shoots an arrow.
The arrow hits you.
Are you sure you want to abandon this character and quit the game? (Confirm with "yes".) ▓▓▓▓▓▓▓▓▓▓▓▓▓▓▓▓▓▓ * ▓<...).†..@)chZS.+ _ _ ▓▓▓▓▓▓▓▓▓▓▓▓▓▓▓▓▓▓ , , , * * * * , , , * * * ** , * ** * * ,

You could see a centaur, a hound, an adder and a leopard gecko skeleton.

Vanquished Creatures
  An orc wizard (D)
  2 hobgoblins (D)
  A ball python (D)
  A bat (D)
  A kobold (D)
6 creatures vanquished.

Notes
Turn   | Place    | Note
-------+----------+-------------------------------------------
     0 | D        | pokedragonboy the Deep Dwarf Fighter began the quest for the Orb.
     0 | D        | Reached XP level 1. HP: 20/20 MP: 1/1
    21 | D        | Noticed an orc wizard
    21 | D        | Noticed a centaur
    21 | D        | Noticed a hound
    28 | D        | Killed an orc wizard
    28 | D        | Reached XP level 2. HP: 17/30 MP: 2/2
    28 | D        | Reached XP level 3. HP: 20/36 MP: 3/3
    29 | D        | Quit the game

Vault maps used:
D:        linesprint

Skill      XL: |  1 |
---------------+----+-----
Fighting       | 3 |  3.9
Axes           | 3 |  3.5
Armour         | 4 |  4.9
Shields        | 4 |  4.7

Action                   || total
-------------------------++-------
Melee: War axe           ||    18
Armor: Scale mail        ||     5
Dodge: Dodged            ||     3
Block: Shield            ||     6

Table legend:
 A = Spawn XP
 B = Non-spawn XP
 C = Spawn XP percentage of total XP
 D = Spawn monster count
 E = Non-spawn monster count
 F = Spawn count percentage of total count
 G = Total turns spent on level
                    A         B        C        D         E        F      G
               +---------+---------+-------+---------+---------+-------+---------
         Total |       0 |      46 |   0.0 |       0 |       6 |   0.0 |    29
               +---------+---------+-------+---------+---------+-------+---------
             D |       0 |      46 |   0.0 |       0 |       6 |   0.0 |    29
               +---------+---------+-------+---------+---------+-------+---------
